 Dungeon Crawl Stone Soup version 0.30-a0-778-g2ef04afb54 (console) character file.

Game seed: 7353165410670207694

1583 rlgrobin the Cleaver (level 9, 0/74 HPs)
             Began as a Meteoran Fighter on Feb 17, 2023.
             Was a Follower of the Shining One.
             Slain by an ogre
             ... wielding a +0 halberd
              (7 damage)
             ... in a bailey.
             The game lasted 00:06:32 (930 turns).

rlgrobin the Cleaver (Meteoran Fighter)              Turns: 930, Time: 00:06:33

Health: 0/74       AC: 11    Str: 22    XL:     9   Next: 36%
Magic:  10/10      EV:  7    Int:  9    God:    the Shining One [*.....]
Gold:   64         SH:  5    Dex: 15    Spells: 8/8 levels left

rFire   . . .      SeeInvis .    a - +3 war axe
rCold   . . .      Faith    .    c - +0 buckler
rNeg    . . .      Spirit   .    f - +1 chain mail
rPois   .          Reflect  .    (no helmet)
rElec   .          Harm     .    (no cloak)
rCorr   .          Rampage  .    (no gloves)
Will    +....                    (no boots) Stlth
                                 (no amulet)
HPRegen 0.32/turn                (no ring)
MPRegen 0.12/turn                (no ring)

@: flying, glowing
A: sense surroundings 2, otherworldly, glowing, explore regen
a: Renounce Religion, Divine Shield


You were in a bailey.
You worshipped the Shining One.
The Shining One was aware of your devotion.
You visited 1 branch of the dungeon, and saw 7 of its levels.
You also visited: Bailey.

You collected 64 gold pieces.

Inventory:

Hand Weapons
 a - a +3 war axe (weapon)
Armour
 c - a +0 buckler (worn)
 f - a +1 chain mail (worn)
Scrolls
 b - a scroll of vulnerability
 h - a scroll of teleportation
Potions
 i - a potion of attraction


   Skills:
 + Level 5.2 Fighting
 - Level 11.6 Axes
 + Level 5.7 Armour
 - Level 3.6 Shields


You had 8 spell levels left.
You didn't know any spells.
Your spell library was empty.

Dungeon Overview and Level Annotations

Branches:
Dungeon (7/15) Zot: 3287   Bailey (1/1) Zot: 555
 Temple: D:4-7

Altars:
The Shining One

Annotations:
D:3 3 runed translucent doors, clease's ghost, amateur DjFE


Innate Abilities, Weirdness & Mutations

You passively map the area around you.
You are easily found by Zot.
You glow in the dark.
You regain HP and MP as you explore.


Message History

An ogre comes into view. It is wielding a +0 halberd.
Aiming: Throw Flame
Press: ? - help, Shift-Dir - straight line, f - ogre
Aim: an ogre, wielding a +0 halberd (85% to hit)
The puff of flame hits the ogre.
The ogre is lightly wounded.
The ogre shouts!
The ogre is engulfed in a cloud of scalding steam.
The ogre hits you but does no damage.
Aiming: Throw Flame
Press: ? - help, Shift-Dir - straight line, f/p - ogre
Aim: an ogre, wielding a +0 halberd (steam, moderately wounded, 85% to hit)
The puff of flame hits the ogre!
The ogre is heavily wounded.
The now-empty wand crumbles to dust.
The ogre is engulfed in a cloud of scalding steam.
The ogre hits you from afar with a +0 halberd!
You aren't carrying any items that you can evoke.
Okay, then.
You feel very buoyant.
You fly up into the air.
The ogre is engulfed in a cloud of scalding steam.
You block the ogre's attack. The ogre hits you with a +0 halberd.
Things that are here:
a +0 glaive; an ogre corpse You are too injured to fight recklessly!
You are too injured to fight recklessly!
You hit the ogre.
The ogre is moderately wounded.
The ogre is engulfed in a cloud of scalding steam.
The ogre barely misses you.
The ogre hits you from afar with a +0 halberd!
* * * LOW HITPOINT WARNING * * *
You slice the ogre!!
The ogre is almost dead.
The ogre hits you with a +0 halberd!
* * * LOW HITPOINT WARNING * * *
The ogre hits you from afar with a +0 halberd!
You die...

* ,* , , ..# ,
,, *#.. #..# ,,
, #..#*
#..♣#♣####..#*
*#.........#*
#.......#
*#~O~~~#
#~OO~~#
###~~)@~###
##...).....##
##...........##
#....∩...∩....#
##...........##
##.........##
###.....###
#######


You could see 3 ogres.

Vanquished Creatures
  Grinder (D:3)
  A spriggan (Bailey)
  2 water moccasins (D:5)
  An ice beast (D:5)
  3 ogres
  A phantom (D:5)
  A bullfrog (D:7)
  A necrophage (D:5)
  A scorpion (D:6)
  5 wights (D:6)
  A howler monkey (D:5)
  2 hounds (D:5)
  An iguana (D:5)
  2 adders
  A shadow imp (D:7)
  2 ufetubi
  2 dart slugs
  An orc (D:3)
  An endoplasm (D:2)
  2 giant cockroaches
  5 goblins
  3 hobgoblins (D:3)
  2 kobolds (D:3)
  A bat (D:2)
  4 rats
47 creatures vanquished.

Notes
Turn   | Place    | Note
-------+----------+-------------------------------------------
     0 | D:1      | rlgrobin the Meteoran Fighter began the quest for the Orb.
     0 | D:1      | Reached XP level 1. HP: 19/19 MP: 2/2
   125 | D:2      | Reached skill level 3 in Axes
   125 | D:2      | Reached XP level 2. HP: 26/26 MP: 3/3
   217 | D:3      | Noticed Grinder
   237 | D:3      | Paralysed by Grinder for 2 turns
   254 | D:3      | Paralysed by Grinder for 3 turns
   280 | D:3      | Killed Grinder
   281 | D:3      | Reached skill level 7 in Axes
   281 | D:3      | Reached XP level 3. HP: 6/31 MP: 4/4
   281 | D:3      | Reached XP level 4. HP: 7/38 MP: 5/5
   281 | D:3      | Reached XP level 5. HP: 9/45 MP: 6/6
   281 | D:3      | Reached XP level 6. HP: 10/51 MP: 7/7
   350 | D:3      | Found a glowing golden altar of the Shining One.
   486 | D:3      | Found a runed translucent gate.
   486 | D:3      | Found a runed translucent gate.
   487 | D:3      | Found a runed translucent gate.
   487 | D:3      | Identified the +6 scale mail "Neunoep" {Dex+4}
   487 | D:3      | Noticed clease's ghost (amateur DjFE)
   497 | D:3      | Became a worshipper of the Shining One
   601 | D:5      | Entered Level 5 of the Dungeon
   634 | D:5      | Noticed a water moccasin
   639 | D:5      | Reached skill level 8 in Axes
   639 | D:5      | Reached XP level 7. HP: 45/57 MP: 8/8
   647 | D:5      | Killed a water moccasin
   654 | D:5      | Noticed a water moccasin
   669 | D:5      | Reached skill level 9 in Axes
   678 | D:5      | Reached XP level 8. HP: 41/63 MP: 9/9
   683 | D:5      | Reached skill level 10 in Axes
   770 | D:6      | Reached skill level 11 in Axes
   771 | D:6      | Reached * piety under the Shining One
   826 | D:7      | Found a flagged portal.
   828 | D:7      | Gained mutation: You passively map the area around you.
                  | [Meteoran growth]
   828 | D:7      | Reached XP level 9. HP: 65/70 MP: 10/10
   887 | Bailey   | Entered a bailey
   905 | Bailey   | Reached skill level 5 in Armour
   916 | Bailey   | Reached skill level 5 in Fighting
   930 | Bailey   | Slain by an ogre

Illustrated notes

Levels and vault maps discovered:
D:1:      minmay_arrival_widening_spiral_wide, layout_loops_ring,
          nicolae_ecumenical_snake_handling
D:2:      layout_basic
D:3:      layout_loops_cross, overflow_temple_1_default,
          nicolae_ru_sacrificial_ziggurat, biasface_ghost_orc_armoury,
          minmay_hedge_maze, uniq_natasha, uniq_grinder, uniq_sigmund
D:4:      layout_loops_cross
D:5:      layout_loops_ring
D:6:      layout_gridville, mainiacjoe_overflow_alcove_1,
          minmay_temple_entry_nine_rooms, minmay_misc_feat_columns,
          minmay_misc_feat_nine_boxes, dreamdust_gnoll_farm
D:7:      layout_basic, mainiacjoe_overflow_alcove_2, enter_bailey_3
Bailey:   bailey_polearm_enchanted_keep_hellmonk, bailey

Skill      XL: |  1  2  3  4  5  6  7  8  9 |
---------------+----------------------------+-----
Axes           | 3 7 8 9 11 | 11.6
Armour         | 4 5 |  5.7
Fighting       | 5 |  5.2
Shields        | |  3.6

Action                     |  1- 3 |  4- 6 |  7- 9 || total
---------------------------+-------+-------+-------++-------
  Melee: War axe           |    33 |    43 |    79 ||   155
  Evoke: Wand              |       |       |     8 ||     8
    Use: Potion            |     1 |       |     3 ||     4
         Scroll            |       |       |     6 ||     6
 Armour: Scale mail        |    10 |    23 |    15 ||    48
         Chain mail        |       |       |    27 ||    27
  Dodge: Dodged            |     9 |    20 |    37 ||    66
  Block: Buckler           |     8 |     6 |    21 ||    35

Table legend: (Time is in decaauts)
 A = Elapsed time spent in this place.
 B = Non-inter-level travel time spent in this place.
 C = Inter-level travel time spent in this place.
 D = Time resting spent in this place.
 E = Time spent auto-exploring this place.
 F = Levels seen in this place.
 G = Mean time per level.
                   A        B        C        D        E       F      G
               +--------+--------+--------+--------+--------+-----+--------+
         Total |    955 |    923 |     32 |      0 |      0 |   8 |  119.4 |
       Dungeon |    912 |    880 |     32 |      0 |      0 |   7 |  130.3 |
        Bailey |     43 |     43 |      0 |      0 |      0 |   1 |   43.0 |
               +--------+--------+--------+--------+--------+-----+--------+

Top non-repeatable levels by time:
     D:3: 379 daAuts
     D:5: 166 daAuts
     D:2: 118 daAuts
     D:1: 89 daAuts
     D:7: 83 daAuts
     D:6: 45 daAuts
  Bailey: 43 daAuts
     D:4: 29 daAuts
